 Dungeon Crawl Stone Soup version 0.25.1-2-g60ff931 (webtiles) character file.

Game seed: 16826784849706569147

65 Atlas the Ducker (level 3, -1/17 HPs)
             Began as a Felid Monk on Aug 9, 2020.
             Succumbed to Robin's poison
             ... on level 2 of the Dungeon.
             The game lasted 00:00:58 (879 turns).

Atlas the Ducker (Felid Monk)                        Turns: 879, Time: 00:00:58

Health: -1/17      AC:  1    Str:  8    XL:     3   Next: 94%
Magic:  4/4        EV: 20    Int: 11    God:
Gold:   46         SH:  0    Dex: 18    Spells: 2/2 levels left
                                        Lives:  0   Deaths: 0

rFire    . . .     SeeInvis +     - Unarmed
rCold    . . .     Gourm    .   (shield unavailable)
rNeg     . . .     Faith    .   (armour unavailable)
rPois    .         Spirit   .   (helmet unavailable)
rElec    .         Reflect  .   (cloak unavailable)
rCorr    .         Harm     .   (gloves unavailable)
MR       +....                  (boots unavailable)
Stlth    +++.......             (no amulet)
HPRegen  0.05/turn              g - ring of protection from magic
MPRegen  0.09/turn              (no ring)

@: lethally poisoned (-1 -> -16), quick
A: very small, no armour, no weapons or thrown items, stealth, claws 1, fangs 3,
see invisible, carnivore, speed 1, shaggy fur 1, slow metabolism 1, sharp paws
a: no special abilities


You were on level 2 of the Dungeon.
You were completely stuffed.

You visited 1 branch of the dungeon, and saw 2 of its levels.

You collected 46 gold pieces.

Inventory:

Jewellery
 g - a ring of protection from magic (left paw)
Scrolls
 b - a scroll of remove curse {unknown}
 d - 3 scrolls of identify {unknown}
 e - a scroll of magic mapping {unknown}
 i - a scroll of teleportation {unknown}
Potions
 c - a potion of haste {unknown}
 h - a potion of invisibility {unknown}
Comestibles
 a - 4 rations
 f - 9 chunks of flesh


   Skills:
 + Level 3.3 Fighting
 + Level 4.6 Dodging
 + Level 3.6 Stealth
 + Level 3.9 Unarmed Combat


You had 2 spell levels left.
You didn't know any spells.
Your spell library was empty.

Dungeon Overview and Level Annotations

Branches:
Dungeon (2/15)

Altars:

Annotations:
D:2 Robin


Innate Abilities, Weirdness & Mutations

You cannot wear armour.
You are incapable of wielding weapons or throwing items.
Your paws allow you to move quietly. (Stealth)
You have sharp claws.
You have razor-sharp teeth.
You have supernaturally acute eyesight. (SInv)
You are carnivorous and can eat meat at any time.
You cover ground quickly.
You are covered in fur. (AC +1)
You have a slow metabolism.
Your sharp claws are effective at attacking unaware monsters.


Message History

The hobgoblin is heavily wounded.
Robin flexes a bicep menacingly.
You scratch the hobgoblin.
You kill the hobgoblin!
You scratch the hobgoblin.
The hobgoblin is severely wounded.
The hobgoblin closely misses you.
You scratch the hobgoblin.
You kill the hobgoblin!
You claw Robin!
Robin is heavily wounded.
Robin misses you.
You scratch Robin but do no damage.
Robin is heavily wounded.
Robin hits you with a +4 whip of venom.
* * * LOW HITPOINT WARNING * * *
You are lethally poisoned!
You scratch Robin but do no damage.
Robin is heavily wounded.
You die...

.# .### .# ... # .######
#.. #.######)...... #..
###........gg.... #.<
.........#..##.....g...#.
########.#..# ..### #.
#g#..# #.#รท #@#..#
.###.#. #.#..# ........
#.#..##.#.#.###.#.
##.#....... ....... #...#
....... #...# #......
#...###### #......
#........# #......
#...####.# ........


You could see Robin.

Vanquished Creatures
  2 adders (D:2)
  A worm (D:2)
  2 dart slugs
  A leopard gecko (D:2)
  2 bats (D:1)
  A giant cockroach (D:1)
  9 goblins
  10 hobgoblins
  5 kobolds (D:1)
  5 rats (D:1)
38 creatures vanquished.

Notes
Turn   | Place    | Note
-------+----------+-------------------------------------------
     0 | D:1      | Atlas the Felid Monk began the quest for the Orb.
     0 | D:1      | Reached XP level 1. HP: 10/10 MP: 2/2
   234 | D:1      | Reached XP level 2. HP: 14/14 MP: 3/3
   728 | D:2      | Reached XP level 3. HP: 17/17 MP: 4/4
   846 | D:2      | Noticed Robin
   879 | D:2      | Succumbed to Robin's poison

Illustrated notes

Levels and vault maps discovered:
D:1:      dpeg_arrival_water_temple_mockup, layout_basic
D:2:      layout_basic, first_ration, uniq_robin

Skill      XL: |  1  2 |
---------------+-------+-----
Stealth        | 3 |  3.6
Fighting       | |  3.3
Dodging        | |  4.6
Unarmed Combat | |  3.9

Action                   || total
-------------------------++-------
Melee: Unarmed           ||   118
       Bite              ||    12
       Punch             ||     1
 Stab: Sleeping          ||     5
  Eat: Chunk             ||     7
Armor: Skin              ||     2
Dodge: Dodged            ||    94
